 Dungeon Crawl Stone Soup version 0.29.1-15-g9cfb28693d (webtiles) character file.

Game seed: 17592803338478478359

22227 Sedotto the Severer (level 12, -18/100 HPs)
             Began as a Minotaur Berserker on Apr 2, 2023.
             Was an Elder of Trog.
             Shot with a bolt by an orc warlord (29 damage)
             ... on level 1 of the Orcish Mines.
             The game lasted 01:11:58 (13656 turns).

Sedotto the Severer (Minotaur Berserker)           Turns: 13656, Time: 01:11:59

Health: -18/100    AC: 24    Str: 32    XL:     12   Next: 61%
Magic:  11/11      EV: 11    Int:  2    God:    Trog [****..]
Gold:   849        SH:  0    Dex:  9    Spells: 11/11 levels left

rFire   . . .      SeeInvis .   Y - +9 executioner's axe of the Vine {flame, rN+++ Str+3 Dex-5}
rCold   . . .      Faith    .   (shield currently unavailable)
rNeg    + + +      Spirit   .   y - +3 chain mail
rPois   .          Reflect  .   s - +2 hat
rElec   .          Harm     .   u - +0 cloak
rCorr   .          Rampage  .   (no gloves)
Will    ++...                   j - +0 pair of boots
Stlth   ..........              (no amulet)
HPRegen 1.26/turn               I - +6 ring of strength
MPRegen 0.12/turn               A - +4 ring of protection

@: strong-willed, on berserk cooldown, regenerating, slowed, very slow
A: horns 2, retaliatory headbutt, dopey 1, frail 1, MP-powered wands
a: Renounce Religion, Berserk, Trog's Hand, Brothers in Arms


You were on level 1 of the Orcish Mines.
You worshipped Trog.
Trog was greatly pleased with you.
You visited 3 branches of the dungeon, and saw 14 of its levels.

You collected 954 gold pieces.
You spent 105 gold pieces at shops.

Inventory:

Hand Weapons
 a - a +2 shortbow of flaming
 f - a +4 double sword of electrocution
 h - the +4 great sword of the Hundredfold Seas {freeze, Int+7}
   (You took it off an orc on level 8 of the Dungeon)

   It freezes those it strikes, dealing additional cold damage.
   It can also slow down cold-blooded creatures.
   Int:       It affects your intelligence (+7).
 i - the +5 war axe of the Fresh God {venom, Int+6 Stlth+}
   (You found it on level 9 of the Dungeon)

   It poisons the flesh of those it strikes.
   Int:       It affects your intelligence (+6).
   Stlth:     It makes you more stealthy.
 p - the +8 hand axe of Tender Mercy {freeze, rF+}
   (You found it on level 2 of the Dungeon)

   It freezes those it strikes, dealing additional cold damage.
   It can also slow down cold-blooded creatures.
   rF:        It protects you from fire.
 v - the +5 hammer "Oruof" {protect, Fly rF- rC+}
   (You found it on level 2 of the Dungeon)

   It grants its wielder temporary protection when it strikes (+7 to AC).
   rF:        It makes you vulnerable to fire.
   rC:        It protects you from cold.
   Fly:       It grants you flight.
 S - a +4 flail
 Y - the +9 executioner's axe of the Vine (weapon) {flame, rN+++ Str+3 Dex-5}
   (Trog gifted it to you on level 8 of the Dungeon)

   It burns those it strikes, dealing additional fire damage.
   Big, fiery blades are also staple armaments of hydra-hunters.
   Str:       It affects your strength (+3).
   Dex:       It affects your dexterity (-5).
   rN:        It renders you almost immune to negative energy.
 Z - a +5 spear of freezing
Armour
 j - a +0 pair of boots (worn)
 s - a +2 hat (worn)
 u - a +0 cloak (worn)
 y - a +3 chain mail (worn)
 G - a +3 leather armour
Jewellery
 b - a ring of protection from cold
 d - a ring of ice
 A - a +4 ring of protection (right hand)
 B - a ring of positive energy
 E - a ring of flight
 I - a +6 ring of strength (left hand)
 N - a ring of protection from fire
 V - a +4 ring of evasion
Wands
 L - a wand of roots (4)
 R - a wand of digging (5)
Scrolls
 c - 2 scrolls of amnesia
 e - a scroll of vulnerability
 g - 5 scrolls of blinking
 q - a scroll of silence
 r - a scroll of fear {unknown}
 C - 4 scrolls of butterflies
 F - 3 scrolls of teleportation {unknown}
 J - 5 scrolls of magic mapping
 M - 3 scrolls of poison
 T - 2 scrolls of immolation {unknown}
Potions
 k - 3 potions of haste
 m - 9 potions of curing
 n - 5 potions of lignification {unknown}
 o - 4 potions of flight {unknown}
 w - a potion of heal wounds {unknown}
 D - a potion of invisibility {unknown}
 H - 3 potions of magic {unknown}
 K - 4 potions of resistance {unknown}
 O - 2 potions of berserk rage {unknown}
 U - 3 potions of attraction {unknown}
 W - a potion of brilliance {unknown}
Miscellaneous
 l - a phantom mirror
 t - a condenser vane


   Skills:
 + Level 11.9 Fighting
 + Level 17.2(17.6) Axes
 + Level 6.3(12.8) Polearms
 + Level 12.0 Armour
 + Level 6.1 Dodging
 + Level 2.2 Stealth


You had 11 spell levels left.
You didn't know any spells.
Your spell library contained the following spells:

 Spells                   Type           Power      Damage    Failure   Level
 Apportation              Tloc           0%         N/A       91%         1
 Necrotise                Necr           0%         1d4       91%         1
 Summon Small Mammal      Summ           0%         N/A       91%         1
 Sublimation of Blood     Necr           0%         N/A       97%         2
 Wereblood                Tmut           0%         N/A       97%         2
 Summon Hydra             Summ           0%         N/A       100%        7


Dungeon Overview and Level Annotations

Branches:
Dungeon (12/15)            Temple (1/1) D:7            Lair (0/5) D:8
    Orc (1/2) D:12

Altars:
Ashenzari
Cheibriados
Dithmenos
Hepliaklqana
Makhleb
Nemelex Xobeh
Okawaru
Qazlal
Ru
Sif Muna
Trog
Uskayaw
Wu Jian
Yredelemnul
Zin
The Shining One

Shops:
D:4 *   D:6 *

Annotations:
D:6 3 runed translucent doors, ripuliukko's ghost, novice GrFi


Innate Abilities, Weirdness & Mutations

You have a pair of horns on your head.
You reflexively headbutt those who attack you in melee.
You are dopey. (Int -2)
You are frail. (-10% HP)
You expend magic power (3 MP) to strengthen your wands.


Message History

Snorg claws you but does no damage.
The orc warlord unwields a +3 war axe.
The orc warlord wields a +0 arbalest.
The orc warlord shoots a bolt.
The bolt barely misses your ogre. The bolt barely misses you.
You closely miss Snorg. You headbutt Snorg!
Snorg is heavily wounded.
Your ogre hits the orc warlord with a +0 giant club!
Snorg bites you!
* * * LOW HITPOINT WARNING * * *
Snorg completely misses you. Snorg claws you but does no damage.
You slash Snorg! You burn Snorg. Your headbutt misses Snorg.
Snorg is severely wounded.
The orc warlord shoots a bolt.
The bolt hits your ogre!!
Your ogre dies!
Your ogre's corpse disappears in a puff of smoke!
Snorg closely misses you. Snorg claws you but does no damage. x2
You chop Snorg into pieces!!! You burn Snorg!
Snorg is almost dead.
Snorg bites you.
* * * LOW HITPOINT WARNING * * *
Snorg claws you but does no damage. Snorg claws you!
* * * LOW HITPOINT WARNING * * *
The orc warlord shoots a bolt.
The bolt barely misses you.
You barely miss Snorg. Your headbutt misses Snorg.
Snorg is almost dead.
Snorg bites you but does no damage. Snorg barely misses you.
Snorg claws you but does no damage.
You slice Snorg!! You burn Snorg.
You kill Snorg!
Trog accepts your kill.
The orc warlord shoots a bolt.
The bolt closely misses you.
Your Armour skill increases to level 12!
There are monsters nearby!
You feel a strong urge to attack something.
The orc no longer looks unusually strong.
You are no longer berserk.
You are exhausted.
You feel yourself slow down.
The orc warlord roars a battlecry!
The orc warlord shoots a bolt.
The bolt hits you!!
You die...

#......... .......
>....... #.......
#..... #......#
#>)o####......
#))#........ #
#o##....# .##
##......# #...
##.....# ....
####@.###..#.#...
#......#...#..####
##......#.......#.
###.................
#
##.)....#.#...#......
##.##.)))#### #
##..... #.....)### ##
#...... ##.#..)## #.#
#.##...).
#...#).####.#
#....)).


You could see an orc warlord.

Vanquished Creatures
  Gastronok (Orc:1)
  An orc warlord (Orc:1)
  Snorg (Orc:1)
  The ghost of SharpKris the Blocker, a journeyman GnFi of Ashenzari (Orc:1)
  A boulder beetle (D:11)
  A hydra (D:11)
  Fannar (D:11)
  A two-headed ogre (D:11)
  Urug (D:12)
  4 ugly things
  An orc sorcerer (Orc:1)
  A manticore (D:11)
  A cyclops (D:11)
  Joseph (D:8)
  A kobold demonologist (D:10)
  5 trolls
  Prince Ribbit (D:7)
  2 shadows
  3 wyverns
  5 yaks (D:10)
  A wraith (D:9)
  A steam dragon (D:6)
  2 wargs (Orc:1)
  2 acid dragons
  6 water moccasins
  15 orc warriors
  An ice beast (D:6)
  A sky beast (D:6)
  2 black bears
  3 ogres
  3 wolves (D:7)
  9 centaurs
  A phantom (D:6)
  4 kobold brigands
  5 bullfrogs
  3 gnoll sergeants (D:7)
  3 scorpions
  3 necrophages (D:6)
  4 wights (D:9)
  7 howler monkeys
  A jelly (D:6)
  11 orc priests
  7 hounds
  2 gnoll boudas (D:7)
  Crazy Yiuf (D:2)
  Natasha (twice) (D:2)
  An iguana (D:5)
  17 orc wizards
  31 gnolls
  9 adders
  A white imp (D:7)
  An ufetubus (D:6)
  A worm (D:3)
  4 dart slugs
  60 orcs
  12 bats
  3 endoplasms
  4 giant cockroaches
  7 goblins
  8 hobgoblins
  19 jackals
  A quokka (D:4)
  3 ball pythons
  5 frilled lizards (D:1)
  25 kobolds
  6 rats
352 creatures vanquished.

Vanquished Creatures (collateral kills)
  A hydra (D:9)
  Erica (D:8)
  A komodo dragon (D:8)
  A steam dragon (D:8)
  2 water moccasins (D:8)
  An orc warrior (Orc:1)
  2 black bears (D:8)
  A wight (D:8)
  2 hounds (D:7)
  An orc wizard (D:8)
  An iguana (D:7)
  3 gnolls (D:7)
  An orc (D:8)
18 creatures vanquished.

Vanquished Creatures (others)
  4 kobolds (D:6)
  24 fungi
  18 plants
46 creatures vanquished.

Grand Total: 416 creatures vanquished

Notes
Turn   | Place    | Note
-------+----------+-------------------------------------------
     0 | D:1      | Sedotto the Minotaur Berserker began the quest for the Orb.
     0 | D:1      | Reached XP level 1. HP: 19/19 MP: 0/0
    29 | D:1      | Reached XP level 2. HP: 13/27 MP: 1/1
   240 | D:1      | Found a faded altar of an unknown god.
   507 | D:1      | Reached XP level 3. HP: 29/33 MP: 2/2
   705 | D:1      | Reached ** piety under Trog
  1045 | D:2      | Identified the +8 hand axe of Tender Mercy {freeze, rF+}
  1293 | D:2      | Reached skill level 5 in Polearms
  1293 | D:2      | Reached XP level 4. HP: 40/41 MP: 3/3
  1396 | D:2      | Noticed Natasha
  1399 | D:2      | Killed Natasha
  1434 | D:2      | Found a stormy altar of Qazlal.
  1579 | D:2      | Reached XP level 5. HP: 43/47 MP: 4/4
  1760 | D:2      | Noticed Natasha
  1789 | D:2      | Killed Natasha
  1993 | D:2      | Found a runed translucent door.
  1994 | D:2      | Noticed Crazy Yiuf
  1999 | D:2      | Killed Crazy Yiuf
  2000 | D:2      | Reached skill level 1 in Axes
  2005 | D:2      | Identified the +5 hammer "Oruof" {protect, Fly rF- rC+}
  2156 | D:3      | Reached *** piety under Trog
  2159 | D:3      | Reached skill level 5 in Fighting
  2357 | D:3      | Found a faded altar of an unknown god.
  2363 | D:3      | Found a basalt altar of Yredelemnul.
  2460 | D:3      | You fall into a shaft and drop 2 floors!
  2460 | D:5      | Entered Level 5 of the Dungeon
  2460 | D:5      | Found a sparkling altar of Nemelex Xobeh.
  2481 | D:5      | Reached XP level 6. HP: 51/56 MP: 5/5
  2487 | D:5      | Reached skill level 2 in Axes
  2549 | D:4      | Reached skill level 1 in Stealth
  2706 | D:3      | Found a stormy altar of Qazlal.
  3111 | D:4      | Found a hazy altar of Hepliaklqana.
  3232 | D:4      | Reached skill level 3 in Axes
  3304 | D:4      | Found Woshorphe's General Store.
  3312 | D:4      | Bought a scroll of enchant armour for 105 gold pieces
  3618 | D:4      | Reached XP level 7. HP: 61/61 MP: 6/6
  3965 | D:5      | Found a burning altar of Makhleb.
  4002 | D:5      | Reached skill level 4 in Axes
  4071 | D:5      | Reached **** piety under Trog
  4371 | D:5      | Reached skill level 5 in Axes
  4732 | D:6      | Found a glowing golden altar of the Shining One.
  4737 | D:6      | Reached skill level 6 in Axes
  4737 | D:6      | Reached XP level 8. HP: 70/70 MP: 7/7
  4895 | D:6      | Reached skill level 7 in Axes
  5027 | D:6      | Reached skill level 5 in Armour
  5041 | D:6      | Found a runed translucent gate.
  5042 | D:6      | Found a runed translucent gate.
  5043 | D:6      | Found a runed translucent gate.
  5050 | D:6      | Noticed an eight-headed hydra
  5072 | D:6      | Noticed a boulder beetle
  5139 | D:6      | Noticed ripuliukko's ghost (novice GrFi)
  5215 | D:6      | Found Vabbuuru's General Store.
  5269 | D:6      | Reached skill level 8 in Axes
  5458 | D:6      | Reached XP level 9. HP: 59/79 MP: 8/8
  5889 | D:7      | Found a staircase to the Ecumenical Temple.
  5915 | D:7      | Reached skill level 9 in Axes
  6021 | D:7      | Noticed Prince Ribbit
  6032 | D:7      | Killed Prince Ribbit
  6280 | D:7      | Reached skill level 10 in Axes
  6287 | D:7      | Reached skill level 5 in Dodging
  6495 | D:7      | Reached ***** piety under Trog
  7015 | Temple   | Entered the Ecumenical Temple
  7096 | D:8      | Reached XP level 10. HP: 77/90 MP: 9/9
  7180 | D:8      | Reached skill level 11 in Axes
  7261 | D:8      | Noticed Erica
  7274 | D:8      | Killed Erica
  7280 | D:8      | Reached skill level 12 in Axes
  7283 | D:8      | Identified the +4 great sword of the Hundredfold Seas
                  | {freeze, Int+7}
  7289 | D:8      | Identified the +9 executioner's axe of the Vine {flame,
                  | rN+++ Str+3 Dex-5} (Trog gifted it to you on level 8 of the
                  | Dungeon)
  7289 | D:8      | Received a gift from Trog
  7660 | D:8      | Found a staircase to the Lair.
  7803 | D:8      | Noticed Joseph
  7813 | D:8      | Killed Joseph
  8106 | D:9      | Gained mutation: You are robust. (+10% HP) [potion of
                  | mutation]
  8107 | D:9      | Lost mutation: You are robust. (+10% HP) [potion of
                  | mutation]
  8107 | D:9      | Gained mutation: You are frail. (-10% HP) [potion of
                  | mutation]
  8107 | D:9      | Gained mutation: You possess an exceptional clarity of
                  | mind. [potion of mutation]
  8108 | D:9      | Lost mutation: You are frail. (-10% HP) [potion of
                  | mutation]
  8108 | D:9      | Lost mutation: You possess an exceptional clarity of mind.
                  | [potion of mutation]
  8108 | D:9      | Gained mutation: You occasionally lose the ability to drink
                  | potions when taking damage. [potion of mutation]
  8108 | D:9      | Gained mutation: Your system is resistant to poisons.
                  | (rPois) [potion of mutation]
  8108 | D:9      | Gained mutation: You are agile. (Dex +4, Str/Int -1)
                  | [potion of mutation]
  8167 | D:9      | Found a shimmering blue altar of Sif Muna.
  8170 | D:9      | Found a shadowy altar of Dithmenos.
  8176 | D:9      | Identified the +5 war axe of the Fresh God {venom, Int+6
                  | Stlth+}
  8236 | D:9      | Found a bloodstained altar of Trog.
  8309 | D:9      | Noticed a six-headed hydra
  8310 | D:9      | Noticed a brown ugly thing
  8322 | D:9      | Killed a brown ugly thing
  8323 | D:9      | Reached skill level 13 in Axes
  8323 | D:9      | Killed a three-headed hydra
  8324 | D:9      | Reached skill level 10 in Fighting
  8324 | D:9      | Reached XP level 11. HP: 81/99 MP: 10/10
  8668 | D:9      | Found a glowing silver altar of Zin.
  9059 | D:9      | Found a sacrificial altar of Ru.
  9392 | D:10     | Entered Level 10 of the Dungeon
  9394 | D:10     | Found a hide-covered altar of Uskayaw.
  9628 | D:10     | Reached skill level 10 in Armour
 10050 | D:10     | Reached skill level 14 in Axes
 10080 | D:10     | Noticed a sun demon
 10521 | D:10     | Lost mutation: You are agile. (Dex +4, Str/Int -1) [potion
                  | of mutation]
 10521 | D:10     | Lost mutation: You occasionally lose the ability to drink
                  | potions when taking damage. [potion of mutation]
 10521 | D:10     | Gained mutation: You have hidden genetic potential. [potion
                  | of mutation]
 10521 | D:10     | Gained mutation: You have an increased reservoir of magic.
                  | (+10% MP) [potion of mutation]
 10522 | D:10     | Lost mutation: You have an increased reservoir of magic.
                  | (+10% MP) [potion of mutation]
 10522 | D:10     | Lost mutation: Your system is resistant to poisons. (rPois)
                  | [potion of mutation]
 10522 | D:10     | Lost mutation: You have hidden genetic potential. [potion
                  | of mutation]
 10522 | D:10     | Gained mutation: You have hidden genetic defects. [potion
                  | of mutation]
 10522 | D:10     | Gained mutation: You expend magic power (3 MP) to
                  | strengthen your wands. [potion of mutation]
 11170 | D:11     | Noticed Fannar
 11185 | D:11     | Killed Fannar
 11208 | D:11     | Gained mutation: You are dopey. (Int -2) [hidden defects]
 11697 | D:11     | Noticed a five-headed hydra
 11704 | D:11     | Killed a three-headed hydra
 11779 | D:11     | Noticed a boulder beetle
 11787 | D:11     | Killed a boulder beetle
 11788 | D:11     | Reached skill level 15 in Axes
 12037 | D:11     | Noticed a two-headed ogre
 12047 | D:11     | Killed a two-headed ogre
 12401 | D:12     | Noticed Urug
 12401 | D:12     | Noticed a green ugly thing
 12402 | D:12     | Noticed a cyan ugly thing
 12404 | D:12     | Noticed a cyan ugly thing
 12411 | D:12     | Killed a purple ugly thing
 12413 | D:12     | Killed a green ugly thing
 12414 | D:12     | Killed a cyan ugly thing
 12415 | D:12     | Reached XP level 12. HP: 85/110 MP: 11/11
 12418 | D:12     | Killed Urug
 12429 | D:12     | Gained mutation: You are frail. (-10% HP) [hidden defects]
 12429 | D:12     | Lost mutation: You have hidden genetic defects. [hidden
                  | defects expressed]
 12741 | D:12     | Found a staircase to the Orcish Mines.
 12759 | Orc:1    | Entered Level 1 of the Orcish Mines
 12776 | Orc:1    | Noticed Gastronok
 12788 | Orc:1    | Killed Gastronok
 12789 | Orc:1    | Reached skill level 16 in Axes
 12975 | Orc:1    | Found a runed translucent gate.
 12975 | Orc:1    | Found a runed translucent gate.
 12975 | Orc:1    | Found a runed translucent gate.
 13094 | Orc:1    | Noticed SharpKris's ghost (journeyman GnFi)
 13169 | Orc:1    | Killed SharpKris's ghost
 13318 | Orc:1    | Noticed an orc warlord
 13334 | Orc:1    | Killed an orc warlord
 13630 | Orc:1    | Noticed an orc warlord
 13632 | Orc:1    | Noticed Snorg
 13636 | Orc:1    | Reached skill level 17 in Axes
 13648 | Orc:1    | HP: 4/150 [Snorg (17)]
 13650 | Orc:1    | Killed Snorg
 13656 | Orc:1    | Shot with a bolt by an orc warlord

Illustrated notes

Levels and vault maps discovered:
D:1:      saegor_arrival_miasma, layout_basic,
          shapermc_ecumenical_altar_acropolis, st_stairs_7
D:2:      layout_loops_ring, basic_altar, uniq_natasha, uniq_crazy_yiuf_cottage
D:3:      layout_basic, nicolae_overflow_ecumenical_swirl, grunt_qazlal_clouds
D:4:      layout_basic, lemuel_tele_altar, serial_shops,
          nicolae_shop_statue_plus
D:5:      layout_loops_ring, mainiacjoe_overflow_catwalk,
          mainiacjoe_overflow_concentric_impassable,
          chequers_serial_rivers_marsh
D:6:      layout_loops_ring, tso_oasis_becter, serial_shops, nicolae_shop_trees,
          gammafunk_ghost_split, eino_tiny_chamber, grunt_ministairs_4
D:7:      layout_cave_pools, minmay_temple_entry_mist, serial_gnoll_camp,
          gnoll_camp_huts_basic, gnoll_camp_mini_house,
          gnoll_camp_mini_loothouse, gnoll_camp_mini_doghouse,
          gnoll_camp_mini_hut, uniq_prince_ribbit1
D:8:      layout_rooms, due_lair_maze_entry_diamond, uniq_joseph, uniq_erica
D:9:      layout_basic, mainiacjoe_overflow_six_doors_small,
          amcnicky_altar_gilded, nicolae_ru_great_annihilating_truth,
          grunt_temple_overflow_open, minmay_radiant
D:10:     layout_basic, overflow_temple_1_default
D:11:     layout_irregular_city, uniq_fannar
D:12:     layout_basic, serial_shops, nicolae_shop_crystal, uniq_urug
Temple:   hellmonk_temple_rainy
Orc:1:    layout_diamond_mine, ebering_ghost_rock_garden,
          nicolae_orc_stony_grotto, nicolae_orc_flooded_monolith, uniq_snorg,
          uniq_gastronok

Skill      XL: |  1  2  3  4  5  6  7  8  9 10 11 12 |
---------------+-------------------------------------+-----
Fighting       | 4 5 6 7 8 10 11 | 11.9
Polearms       | 4 5 6 |  6.3
Axes           | 1 3 6 8 10 13 15 17 | 17.2
Dodging        | 3 4 5 6 |  6.1
Stealth        | 1 2 |  2.2
Armour         | 4 5 7 9 11 12 | 12.0

Action                   |  1- 3 |  4- 6 |  7- 9 | 10-12 || total
-------------------------+-------+-------+-------+-------++-------
Melee: Spear             |    60 |       |       |       ||    60
       Headbutt          |    10 |    11 |    41 |    43 ||   105
       Hand axe          |    12 |   102 |   223 |    39 ||   376
       Punch             |       |       |     2 |       ||     2
       Executioner's axe |       |       |       |   195 ||   195
Invok: Berserk           |     1 |     2 |     2 |    15 ||    20
       Trog's Hand       |       |     1 |     3 |    16 ||    20
       Brothers in Arms  |       |       |     1 |     4 ||     5
  Use: Scroll            |       |     1 |    12 |     4 ||    17
       Potion            |       |       |       |     5 ||     5
 Stab: Paralysed         |       |       |       |     1 ||     1
Armor: Animal skin       |    12 |     9 |       |       ||    21
       Chain mail        |       |    19 |   101 |   172 ||   292
Dodge: Dodged            |    52 |    55 |    98 |   208 ||   413
